cohdb
Replays
Latest Replays
All Replays
Popular Replays
Top Player Replays
Match Explorer
How It Works
Community
CoH3 Stats
Reddit
Sign in to upload your games and track your stats! →
Sign in with Steam
Match 42867547
Unlisted
Match 42867547
Overview
Messages
Build Orders
End
Vickers Machine Gun Team
Vickers Machine Gun Team
Selects Canadian Shock Battlegroup
Construct Section Command Post
ML 3-inch Mortar Team
Construct Platoon Command Post
Selects Attacking Spirit
Selects Canadian Shock Section
Canadian Shock Section
Humber Armored Car
Construct Company Command Post
Selects Burnout
Burnout
Foot Guards Section
Unlock Towed 17-pounder Anti-tank Guns
Crusader II Medium Tank
Burnout
Burnout
marxathome
Madjinn
If u Fail do it Epic
Adam Mackiewicz
alper
Husar
Cassian
HENIEK
0
0
Comments
sign in to comment!
No comments posted yet!